 Dungeon Crawl Stone Soup version 0.31.0-4-g52a2dc7128 (webtiles) character file.

Game seed: 12733812498420250531

111 browni3141 the Ruffian (level 4, -4/41 HPs)
             Began as a Troll Enchanter on Jan 23, 2024.
             Slain by Sigmund
             ... wielding a +4 scythe of flaming
              (12 damage)
             ... on level 3 of the Dungeon.
             The game lasted 00:02:40 (1816 turns).

browni3141 the Ruffian (Troll Enchanter)            Turns: 1816, Time: 00:02:41

Health: -4/41      AC:  4    Str: 18    XL:     4   Next: 62%
Magic:  4/4        EV:  6    Int: 11    God:
Gold:   125        SH:  0    Dex: 10    Spells: 5/5 levels left

rFire   . .          .
                       - Unarmed
rCold   . . .        N - +0 tower shield
rNeg    . . .        b - +0 robe
rPois   .            (helmet restricted)
rElec   .            (no cloak)
rCorr   .            (gloves unavailable)
SInv    .            (boots unavailable)
Will    .....        (no amulet)
Stlth   +            K - ring of wizardry
HPRegen 1.06/turn    (no ring)
MPRegen 0.09/turn

%: wizardry (x1)
@: confused
A: large, unfitting armour, claws 3, regeneration 1, shaggy fur 1, tough skin 1
a: no special abilities


You were on level 3 of the Dungeon.
You visited 1 branch of the dungeon, and saw 3 of its levels.

You collected 125 gold pieces.

Inventory:

Missiles
 J - 6 atropa-tipped darts
 T - 9 boomerangs (quivered)
Armour
 b - a +0 robe (worn)
 N - a +0 tower shield (worn)
Jewellery
 K - a ring of wizardry (left claw)
Scrolls
 j - a scroll of amnesia {unknown}
 M - 2 scrolls of silence {unknown}
 O - 3 scrolls of vulnerability {unknown}
 R - a scroll of immolation {unknown}
 S - 2 scrolls of noise {unknown}
 V - a scroll of teleportation {unknown}
 X - a scroll of summoning {unknown}
 Y - 2 scrolls of fear {unknown}
 Z - 4 scrolls of identify {unknown}
Potions
 i - 2 potions of invisibility
 L - a potion of resistance {unknown}
 P - a potion of degeneration {unknown}
 Q - a potion of curing {unknown}
 U - 2 potions of heal wounds {unknown}
 W - a potion of brilliance {unknown}


   Skills:
 + Level 1.4 Fighting
 - Level 0.7 Short Blades
 * Level 2.0 Throwing
 - Level 1.5 Dodging
 - Level 1.5 Stealth
 * Level 0.6 Shields
 * Level 2.5 Unarmed Combat
 - Level 1.2 Spellcasting
 - Level 2.0 Hexes


You had 5 spell levels left.
You didn't know any spells.
Your spell library contained the following spells:

 Spells                   Type           Power      Damage    Failure   Level
 Jinxbite                 Hex            10%        N/A       65%         2
 Apportation              Tloc           0%         N/A       80%         1
 Ensorcelled Hibernation  Hex/Ice        4%         N/A       80%         2
 Confusing Touch          Hex            5%         N/A       86%         3
 Tukima's Dance           Hex            5%         N/A       86%         3
 Blink                    Tloc           0%         N/A       89%         2
 Lesser Beckoning         Tloc           0%         N/A       89%         2
 Momentum Strike          Conj/Tloc      0%         3d8       89%         2
 Static Discharge         Conj/Air       0%         3-3/arc   89%         2
 Dazzling Flash           Conj/Hex       4%         N/A       95%         3
 Hailstorm                Conj/Ice       0%         3d5       98%         3
 Summon Ice Beast         Ice/Summ       0%         N/A       98%         3
 Airstrike                Air            0%         2d(0-16)  100%        4
 Summon Lightning Spire   Summ/Air       0%         N/A       100%        4
 Alistair's Intoxication  Alch           0%         N/A       100%        5
 Sculpt Simulacrum        Ice/Alch       0%         N/A       100%        6


Dungeon Overview and Level Annotations

Branches:
Dungeon (3/15)

Altars:

Annotations:
D:3 Sigmund


Innate Abilities, Weirdness & Mutations

You are too large for most types of armour.
You have claws for hands.
Your natural rate of healing is unusually fast.
You are covered in fur. (AC +1)
You have tough skin. (AC +1)


Message History

Unknown command.
K - a ring of wizardry (left claw)
You don't know any spells.
Okay, then.
Sigmund the Dreaded comes into view.
He is wielding a +4 scythe of flaming and wearing a +2 robe of resistance.
The ball python hisses angrily.
Sigmund shouts!
Sigmund moves out of view.
You block the ball python's attack.
You closely miss the ball python. The ball python bites you.
You scratch the ball python.
The ball python is moderately wounded.
You block the ball python's attack.
Sigmund mumbles some strange words.
Sigmund flickers and vanishes!
Deactivating autopickup; reactivate with Ctrl-A.
The ball python bites you but does no damage.
You closely miss the ball python.
The ball python is moderately wounded.
The ball python bites you but does no damage.
Something hits you! Something burns you. The ball python closely misses you.
The ball python attacks as it pursues you!
The ball python barely misses you. The ball python bites you.
There is an escape hatch in the ceiling here.
You block the ball python's attack. A mysterious force pulls you upwards.
The hatch slams shut behind you.
Reactivating autopickup.
You closely miss the ball python.
The ball python is moderately wounded.
You block the ball python's attack. The ball python closely misses you.
You closely miss the ball python.
The ball python is moderately wounded.
You block the ball python's attack.
You scratch the ball python.
The ball python is severely wounded.
You block the ball python's attack.
The ball python bites you but does no damage.
You scratch the ball python.
You kill the ball python!
There is a stone staircase leading down here.
You climb downwards.
Level annotation: Sigmund
There is a stone staircase leading up here.
Okay, then.
A rat comes into view.
A rat is nearby!
You scratch the rat but do no damage. You block the rat's attack.
The rat bites you but does no damage.
You barely miss the rat. The rat bites you but does no damage.
You claw the rat!
You kill the rat!
No target in view!
A frilled lizard is nearby!
The frilled lizard hisses angrily.
You claw the frilled lizard!
You kill the frilled lizard!
No target in view!
No target in view!
Sigmund is nearby!
Sigmund is nearby!
Sigmund is nearby!
Sigmund shouts!
Sigmund looks at you with fury.
Sigmund hits you from afar with a +4 scythe of flaming.
Sigmund burns you. You block Sigmund's attack.
You claw Sigmund!
Sigmund is heavily wounded.
You scratch Sigmund.
Sigmund is heavily wounded.
Sigmund says, "I'm your fate." Sigmund casts a spell at you.
You are confused.
Sigmund hits you with a +4 scythe of flaming!
Sigmund burns you.
* * * LOW HITPOINT WARNING * * *
You closely miss Sigmund.
Sigmund is heavily wounded.
Sigmund closely misses you.
A giant cockroach comes into view.
Sigmund barely misses you.
Sigmund points at you and mumbles some strange words.
You are more confused.
You're too confused to move!
Sigmund gestures at you while chanting. The magic dart hits you.
* * * LOW HITPOINT WARNING * * *
You completely miss Sigmund.
Sigmund is heavily wounded.
Sigmund hits you with a +4 scythe of flaming!
* * * LOW HITPOINT WARNING * * *
Sigmund burns you.
* * * LOW HITPOINT WARNING * * *
You scratch Sigmund.
Sigmund is severely wounded.
The giant cockroach bites you.
* * * LOW HITPOINT WARNING * * *
Sigmund hits you with a +4 scythe of flaming!
You die...
Sigmund begins carving another notch in his scythe.

...## #.#....# #...........##
....####.#....###[..........#####
..............##.>.(..........>..
....# ....................))....
....##.# #.....##...........#....
.......# #..................#....
....#### ###...#....#....#..#....
...## ###.B....<.####.##....
....# #####..@@#...# #.##....
....######............# #.#.....
...........<#####.....# #...####
.........#### #.....# #..##
.....###....# #.....####^##
.......#....# #.....##...#
..####......#####.........##
#.######................#.#
#.....##.............#....#


You could see Sigmund and a giant cockroach.

Vanquished Creatures
  2 gnolls
  3 adders
  A dart slug (D:1)
  A ribbon worm (D:2)
  3 orcs (D:3)
  5 ball pythons
  5 bats
  8 endoplasms
  5 giant cockroaches
  4 goblins
  3 hobgoblins
  5 kobolds
  5 frilled lizards
  8 rats
58 creatures vanquished.

Notes
Turn   | Place    | Note
-------+----------+-------------------------------------------
     0 | D:1      | browni3141 the Troll Enchanter began the quest for the Orb.
     0 | D:1      | Reached XP level 1. HP: 16/16 MP: 1/1
   186 | D:1      | Reached XP level 2. HP: 26/26 MP: 2/2
   649 | D:1      | Reached XP level 3. HP: 33/33 MP: 3/3
  1060 | D:2      | Reached XP level 4. HP: 39/41 MP: 4/4
  1761 | D:3      | Noticed Sigmund
  1816 | D:3      | Slain by Sigmund

Illustrated notes

Levels and vault maps discovered:
D:1:      roderic_octagonal_star, layout_basic
D:2:      layout_rooms, minmay_pentomino_q4
D:3:      layout_rooms, dk_noncrumbling_2, minmay_close_crescents, uniq_sigmund

Skill      XL: |  1  2  3  4 |
---------------+-------------+-----
Unarmed Combat | 1 2 |  2.5
Throwing       | 1 2 |  2.0
Fighting       | 1 |  1.4
Short Blades   | |  0.7
Dodging        | |  1.5
Stealth        | |  1.5
Shields        | |  0.6
Spellcasting   | |  1.2
Hexes          | |  2.0

Action                     |  1- 3 |  4- 6 || total
---------------------------+-------+-------++-------
  Melee: Unarmed           |    75 |    66 ||   141
         Punch             |       |     1 ||     1
   Stab: Sleeping          |     4 |     1 ||     5
 Armour: Robe              |    42 |    46 ||    88
  Dodge: Dodged            |    31 |    22 ||    53
  Block: Tower shield      |       |    25 ||    25
